 Dungeon Crawl Stone Soup version 0.22.0 (webtiles) character file.

2678 DudePakas the Cleaver (level 9, -3/78 HPs)
             Began as a Hill Orc Fighter on Sept 5, 2018.
             Was a Believer of Makhleb.
             Slain by an orc warrior
             ... wielding a cursed -1 glaive
              (16 damage)
             ... in a bailey.
             The game lasted 00:21:29 (8701 turns).

DudePakas the Cleaver (Hill Orc Fighter)            Turns: 8701, Time: 00:21:30

Health: -3/78      AC: 14    Str: 22    XL:     9   Next: 64%
Magic:  13/13      EV:  5    Int:  8    God:    Makhleb [**....]
Gold:   98         SH: 16    Dex: 10    Spells: 8/8 levels left

rFire    + . .     SeeInvis .   a - +1 war axe
rCold    . . .     Gourm    .   y - +1 large shield
rNeg     . . .     Faith    .   x - +3 chain mail {rF+}
rPois    .         Spirit   .   w - +0 helmet
rElec    .         Reflect  .   (no cloak)
rCorr    .         Harm     .   (no gloves)
MR       .....                  (no boots)
Stlth    ..........             (no amulet)
HPRegen  0.23/turn              (no ring)
MPRegen  0.13/turn              (no ring)

@: no status effects
A: no striking features
a: Minor Destruction, Renounce Religion


You were in a bailey.
You worshipped Makhleb.
Makhleb was pleased with you.
You were not hungry.

You visited 2 branches of the dungeon, and saw 8 of its levels.
You also visited: Bailey.

You collected 328 gold pieces.
You spent 230 gold pieces at shops.

Inventory:

Hand Weapons
 a - a +1 war axe (weapon)
 t - a +0 trident
Armour
 c - a +0 plate armour
 w - a +0 helmet (worn)
 x - a +3 chain mail of fire resistance (worn)
 y - a +1 large shield (worn)
Wands
 A - a wand of scattershot (5)
Scrolls
 g - 2 scrolls of teleportation
 h - a scroll of magic mapping
 l - 2 scrolls of fear
 m - a scroll of remove curse
 o - a scroll of enchant weapon
 u - 4 scrolls of identify
 v - a scroll of amnesia
 B - a scroll of summoning {unknown}
Potions
 b - a potion of haste
 d - a potion of heal wounds {unknown}
 e - 4 potions of flight
 i - a potion of experience {unknown}
 j - 2 potions of agility {unknown}
 k - 2 potions of brilliance
 n - 3 potions of lignification {unknown}
 p - 2 potions of cancellation {unknown}
 q - a potion of berserk rage {unknown}
 r - a potion of mutation {unknown}
 s - 4 potions of curing {unknown}
 z - a potion of magic {unknown}
Comestibles
 f - 7 rations


   Skills:
 + Level 6.9 Fighting
 * Level 9.5 Axes
 + Level 6.2 Armour
 + Level 3.7 Dodging
 + Level 6.4 Shields
 * Level 5.8 Invocations


You had 8 spell levels left.
You didn't know any spells.
Your spell library contained the following spells:

 Spells                   Type           Power        Failure   Level  Hunger
 Fireball                 Conj/Fire      #.........   100%        5    ######.
 Conjure Flame            Conj/Fire      #.......     100%        3    ####...
 Throw Flame              Conj/Fire      #.....       100%        2    ###....
 Sticky Flame             Conj/Fire      #.......     100%        4    #####..
 Flame Tongue             Conj/Fire      #....        100%        1    ##.....
 Inner Flame              Hex/Fire       #.......     100%        3    ####...


Dungeon Overview and Level Annotations

Branches:
Dungeon (7/15)             Temple (1/1) D:5

Altars:
Ashenzari
Cheibriados
Dithmenos
Elyvilon
Gozag
Hepliaklqana
Kikubaaqudgha
Makhleb
Qazlal
Ru
Sif Muna
Trog
Vehumet
Wu Jian
Xom
Yredelemnul
Zin
The Shining One

Shops:
D:4 (**:


Message History

The orc warrior is lightly wounded.
You block the orc warrior's attack.
Okay, then.
Okay, then.
Aiming: Scattershot
Press: ? - help, Shift-Dir - straight line, f - orc warrior
Aim: an orc warrior, wielding a glaive and wearing a chain mail (lightly wounded)
The burst of metal fragments hits the orc warrior. x3
The orc warrior is heavily wounded.
You block the orc warrior's attack.
You closely miss the orc warrior.
The orc warrior is heavily wounded.
You block the orc warrior's attack.
You closely miss the orc warrior.
The orc warrior is heavily wounded.
The orc warrior hits you but does no damage.
You hit the orc warrior but do no damage.
The orc warrior is heavily wounded.
The orc warrior hits you with a glaive!
You die...

#..()..≈##.##≈..............(≈##.
#..((((≈).^..≈.............(.≈..^
#..((..≈##.∩#≈.............(.≈#∩.
#..((..≈≈#(#≈≈......###....(.≈≈#o
#...(...≈≈≈≈≈....#########....≈≈≈
#.......)()(.(.)##... ##.((.()
#..............##..# ##....(
#..............#o.# #....(
#.............##@### ##...(
#.............##.')# #....
#.............##)### #...(
#.............##())# #....
.............##)### ##....
.....##(.# #...(. .........#
##..(.. .......(.# ##..(...
≈≈≈≈...(.# ##..(.≈≈≈


You could see an orc warrior.

Vanquished Creatures
  The ghost of SteelSquire the Ruffian, a novice TrMo (D:5)
  2 orc warriors (Bailey)
  A sky beast (D:5)
  5 ogres
  2 bullfrogs
  4 scorpions (D:4)
  4 wights (D:6)
  2 howler monkeys
  3 crimson imps
  3 hounds (D:4)
  7 orc priests
  A bullfrog skeleton (D:4)
  Natasha (twice) (D:3)
  3 worker ants
  9 orc wizards
  A killer bee zombie (D:6)
  8 adders
  A gnoll (D:1)
  A howler monkey skeleton (D:2)
  3 adder skeletons
  6 worms
  2 dart slugs
  39 orcs
  2 ball pythons
  9 giant cockroaches
  8 goblins
  6 hobgoblins
  5 jackals
  5 quokkas
  6 bats
  4 frilled lizards
  10 kobolds
  A leopard gecko skeleton (D:4)
  A quokka skeleton (D:6)
  8 rats
175 creatures vanquished.

Notes
Turn   | Place    | Note
-------+----------+-------------------------------------------
     0 | D:1      | DudePakas the Hill Orc Fighter began the quest for the Orb.
     0 | D:1      | Reached XP level 1. HP: 19/19 MP: 1/1
   114 | D:1      | Reached skill level 3 in Axes
   114 | D:1      | Reached XP level 2. HP: 13/27 MP: 2/2
   773 | D:1      | Reached XP level 3. HP: 33/33 MP: 3/3
  1089 | D:2      | Reached XP level 4. HP: 35/40 MP: 4/4
  1380 | D:2      | Found a shattered altar of Ashenzari.
  1387 | D:2      | Reached skill level 4 in Axes
  1459 | D:2      | Reached skill level 1 in Dodging
  1910 | D:3      | Reached XP level 5. HP: 46/46 MP: 5/5
  2144 | D:3      | Noticed an ogre
  2153 | D:3      | Killed an ogre
  2153 | D:3      | Reached skill level 5 in Axes
  2192 | D:3      | Noticed Natasha
  2202 | D:3      | Killed Natasha
  2202 | D:3      | Reached XP level 6. HP: 38/53 MP: 6/6
  2216 | D:3      | Noticed Natasha
  2222 | D:3      | Killed Natasha
  2329 | D:3      | Found a shadowy altar of Dithmenos.
  2336 | D:3      | Found a hazy altar of Hepliaklqana.
  2897 | D:4      | Found Iwimoxil's Book Shop.
  2926 | D:4      | Found a deep blue altar of Sif Muna.
  2971 | D:4      | Reached skill level 5 in Fighting
  3001 | D:4      | Found a basalt altar of Yredelemnul.
  3023 | D:4      | Reached XP level 7. HP: 12/61 MP: 7/7
  3024 | D:4      | Reached skill level 6 in Axes
  3569 | D:4      | Found an ornate altar of the Wu Jian Council.
  3576 | D:4      | Found Cimeopod's General Store.
  3593 | D:4      | Bought a potion of haste for 100 gold pieces
  3632 | D:4      | Found Efysoch's Assorted Antiques.
  3938 | D:4      | Found Umifia's Antique Weapon Shoppe.
  4233 | D:4      | Reached skill level 5 in Shields
  4352 | D:4      | Reached skill level 5 in Armour
  4357 | D:4      | Reached skill level 7 in Axes
  4395 | D:4      | Reached XP level 8. HP: 46/70 MP: 8/8
  4623 | D:5      | Entered Level 5 of the Dungeon
  4634 | D:5      | Found a staircase to the Ecumenical Temple.
  4641 | Temple   | Entered the Ecumenical Temple
  4788 | Temple   | Became a worshipper of Makhleb the Destroyer
  4930 | D:5      | Reached skill level 1 in Invocations
  4944 | D:5      | Found a white marble altar of Elyvilon.
  4970 | D:5      | Found a bloodstained altar of Trog.
  5278 | D:5      | Got a heavily runed leather armour
  5289 | D:5      | Identified the +3 leather armour of a bazaar {Str-3 Int+6 Dex+4} (You found it on level 5 of the Dungeon)
  5334 | D:5      | Found a runed door.
  5335 | D:5      | Noticed SteelSquire's ghost (novice TrMo)
  5361 | D:5      | Killed SteelSquire's ghost
  5361 | D:5      | Reached skill level 8 in Axes
  6062 | D:6      | Reached XP level 9. HP: 76/77 MP: 10/12
  6086 | D:6      | Reached * piety under Makhleb
  6750 | D:4      | Bought a large shield for 130 gold pieces
  6987 | D:6      | Reached skill level 9 in Axes
  7187 | D:6      | Reached skill level 5 in Invocations
  7715 | D:7      | Found a flagged portal.
  7751 | Bailey   | Entered a bailey
  7871 | Bailey   | Reached ** piety under Makhleb
  8701 | Bailey   | Slain by an orc warrior

Skill      XL: |  1  2  3  4  5  6  7  8  9 |
---------------+----------------------------+-----
Axes           | 3 4 5 7 8 9 |  9.5
Fighting       | 4 5 6 |  6.9
Dodging        | 1 2 3 |  3.7
Armour         | 4 5 6 |  6.2
Shields        | 4 5 6 |  6.4
Invocations    | 4 5 |  5.8

Action                   |  1- 3 |  4- 6 |  7- 9 || total
-------------------------+-------+-------+-------++-------
Melee: War axe           |    89 |   194 |   415 ||   698
Evoke: Wand              |       |       |     1 ||     1
  Use: Potion            |       |     2 |     3 ||     5
       Scroll            |       |    10 |     5 ||    15
  Eat: Chunk             |     1 |     6 |    12 ||    19
       Ration            |       |       |     2 ||     2
Armor: Scale mail        |    31 |     5 |       ||    36
       Chain mail        |       |    95 |   161 ||   256
       Plate armour      |       |       |     1 ||     1
Dodge: Dodged            |    23 |    45 |    89 ||   157
Block: Shield            |    50 |    96 |   132 ||   278
       Large shield      |       |       |   153 ||   153
